 Dungeon Crawl Stone Soup version 0.31.0-11-ge490571c62 (webtiles) character file.

Game seed: 16025235956503981038

80 Minsecho the Ducker (level 4, -2/23 HPs)
             Began as a Spriggan Monk on Jan 29, 2024.
             Slain by a black bear (5 damage)
             ... on level 4 of the Dungeon.
             The game lasted 00:03:44 (2229 turns).

Minsecho the Ducker (Spriggan Monk)                 Turns: 2229, Time: 00:03:45

Health: -2/23      AC:  2    Str:  9    XL:     4   Next: 18%
Magic:  5/5        EV: 19    Int: 11    God:
Gold:   160        SH:  0    Dex: 17    Spells: 3/3 levels left

rFire   . .          .
                       - Unarmed
rCold   . . .        c - orb {light}
rNeg    . . .        a - +0 robe
rPois   .            (helmet restricted)
rElec   .            (no cloak)
rCorr   .            (gloves unavailable)
SInv    +            (boots unavailable)
Will    .....        g - amulet of the acrobat
Stlth   +            (no ring)
HPRegen 0.23/turn    (no ring)
MPRegen 0.09/turn

%: acrobat
@: glowing, very quick
A: very small, no large weapons, unfitting armour, see invisible, speed 3
a: no special abilities


You were on level 4 of the Dungeon.
You visited 1 branch of the dungeon, and saw 4 of its levels.

You collected 160 gold pieces.

Inventory:

Armour
 a - a +0 robe (worn)
 c - an orb of light (worn)
Jewellery
 g - an amulet of the acrobat (around neck)
Scrolls
 i - a scroll of noise {unknown}
 j - a scroll of summoning {unknown}
 l - a scroll of fog {unknown}
 m - 2 scrolls of teleportation {unknown}
 n - a scroll of identify {unknown}
Potions
 d - 3 potions of curing {unknown}
 f - a potion of attraction {unknown}
 h - a potion of berserk rage {unknown}
 k - a potion of degeneration {unknown}
 o - a potion of haste {unknown}
 p - 2 potions of enlightenment {unknown}


   Skills:
 + Level 2.7 Fighting
 + Level 4.8 Dodging
 * Level 0.9 Stealth
 + Level 3.5 Unarmed Combat


You had 3 spell levels left.
You didn't know any spells.
Your spell library contained the following spells:

 Spells                   Type           Power      Damage    Failure   Level
 Kiss of Death            Conj/Necr      0%         2d5       34%         1
 Confusing Touch          Hex            0%         N/A       71%         3
 Dispel Undead            Necr           0%         3d6       98%         4


Dungeon Overview and Level Annotations

Branches:
Dungeon (4/15)
 Temple: D:4-7

Altars:
Qazlal

Annotations:
D:4 2 transporters


Innate Abilities, Weirdness & Mutations

You are very small and have problems with some larger weapons.
You are too small for most types of armour.
You have supernaturally acute eyesight. (SInv)
You cover ground extremely quickly. (Speed+++)


Message History

The black bear claws you.
You hit the black bear but do no damage.
The black bear is almost dead.
The black bear completely misses you. The black bear closely misses you.
The black bear claws you.
* * * LOW HITPOINT WARNING * * *
The black bear closely misses you. x2; The black bear completely misses you.
You hit the black bear.
The black bear is almost dead.
The black bear barely misses you. The black bear misses you.
The black bear closely misses you.
You hit the black bear but do no damage.
The black bear is almost dead.
The black bear misses you. The black bear completely misses you.
The black bear closely misses you. The black bear completely misses you.
The black bear closely misses you. The black bear barely misses you.
You are confused.
You feel invigorated. The black bear misses you.
The black bear claws you but does no damage.
The black bear closely misses you.
You hit the black bear.
The black bear is almost dead.
The black bear closely misses you.
The black bear claws you but does no damage.
The black bear closely misses you.
The black bear completely misses you. x2
The black bear claws you but does no damage.
The black bear closely misses you.
The black bear completely misses you. x2
You bump into the rock wall.
The black bear completely misses you. x2
The black bear closely misses you.
You bump into the rock wall.
The black bear barely misses you. x3
The black bear bites you! The black bear misses you. The black bear claws you.
You feel less invigorated.
You feel less confused.
You hit the black bear.
The black bear is almost dead.
The black bear closely misses you. The black bear barely misses you.
The black bear claws you!
* * * LOW HITPOINT WARNING * * *
The black bear bites you.
You die...

...#.#.#~~~P~#.######.#
...#.#.#~~~P~#.# #.##
##.....#~~♣~~#..###.#
##.....#~~~~~#...#.##
.......#S...~#.......
.......#S...S#.....#
.......###+###.....#
.......#P.?.P#.....#
.......#8.©.8#..@h##.#
.......#######..<....#
.<####....©.....######
.(# ####...###.# ###
#.......##.#
#.#####.##.# >. .##.#
## ....# .####


You could see a black bear (berserk) and an electric eel.

Vanquished Creatures
  2 adders
  3 dart slugs
  A ribbon worm (D:3)
  An orc (D:3)
  2 ball pythons
  A bat (D:1)
  7 endoplasms
  4 giant cockroaches
  3 goblins (D:1)
  5 hobgoblins
  3 jackals (D:1)
  5 kobolds
  A quokka (D:1)
  6 frilled lizards
  6 rats
50 creatures vanquished.

Notes
Turn   | Place    | Note
-------+----------+-------------------------------------------
     0 | D:1      | Minsecho the Spriggan Monk began the quest for the Orb.
     0 | D:1      | Reached XP level 1. HP: 11/11 MP: 2/2
    95 | D:1      | Reached XP level 2. HP: 12/16 MP: 3/3
   499 | D:1      | Reached XP level 3. HP: 19/19 MP: 4/4
  1134 | D:2      | Found a stormy altar of Qazlal.
  1388 | D:2      | Found a faded altar of an unknown god.
  1698 | D:3      | Reached XP level 4. HP: 21/23 MP: 5/5
  1953 | D:3      | Noticed a scorpion
  2055 | D:4      | Found a transporter.
  2080 | D:4      | Noticed a black bear
  2109 | D:4      | Found a transporter.
  2229 | D:4      | Slain by a black bear

Illustrated notes

Levels and vault maps discovered:
D:1:      dpeg_arrival_solitude, layout_basic, minmay_misc_feat_square
D:2:      layout_basic, basic_altar, chequers_ecumenical_altar_simple,
          minmay_strange_pillars
D:3:      layout_loops_cross, grunt_ministairs_1, chequers_big_river,
          minmay_misc_feat_five, minmay_goblin_outpost
D:4:      gammafunk_steamed_eel, layout_loops_cross, ebering_ghost_rock_garden,
          uniq_robin

Skill      XL: |  1  2  3 |
---------------+----------+-----
Unarmed Combat | 3 |  3.5
Fighting       | |  2.7
Dodging        | |  4.8
Stealth        | |  0.9

Action                     |  1- 3 |  4- 6 || total
---------------------------+-------+-------++-------
  Melee: Unarmed           |   188 |    41 ||   229
  Throw: Throwing net      |       |     1 ||     1
    Use: Scroll            |     1 |       ||     1
         Potion            |       |     1 ||     1
   Stab: Held in net/web   |       |     1 ||     1
 Armour: Robe              |    42 |    19 ||    61
  Dodge: Dodged            |   143 |    79 ||   222
